 Dungeon Crawl Stone Soup version 0.28-a0-514-g0d7ab7f379 (webtiles) character file.

Game seed: 16295288944408199090

54 siradein the Bolt Thrower (level 3, -3/30 HPs)
             Began as a Minotaur Hunter on Sept 23, 2021.
             Slain by a sky beast (5 damage)
             ... on level 3 of the Dungeon.
             The game lasted 00:07:28 (2254 turns).

siradein the Bolt Thrower (Minotaur Hunter)         Turns: 2254, Time: 00:07:28

Health: -3/30      AC:  3    Str: 16    XL:     3   Next: 66%
Magic:  2/2        EV: 11    Int:  8    God:
Gold:   77         SH:  0    Dex: 11    Spells: 2/2 levels left

rFire   . . .      SeeInvis .   a - +1 hand crossbow
rCold   . . .      Faith    .   (no shield)
rNeg    . . .      Spirit   .   c - +0 leather armour
rPois   .          Reflect  .   (helmet restricted)
rElec   .          Harm     .   (no cloak)
rCorr   .          Rampage  .   (no gloves)
Will    .....                   (no boots)
Stlth   +.........              (no amulet)
HPRegen 0.10/turn               (no ring)
MPRegen 0.08/turn               (no ring)

@: no status effects
A: horns 2, retaliatory headbutt
a: no special abilities


You were on level 3 of the Dungeon.
You visited 1 branch of the dungeon, and saw 3 of its levels.

You collected 77 gold pieces.

Inventory:

Hand Weapons
 a - a +1 hand crossbow (weapon)
 b - a +0 short sword
Missiles
 d - 11 bolts (quivered ammo)
 g - 6 stones
Armour
 c - a +0 leather armour (worn)
Jewellery
 f - a ring of fire
Scrolls
 h - a scroll of blinking {unknown}
 j - a scroll of teleportation {unknown}
 l - a scroll of noise {unknown}
 m - a scroll of identify {unknown}
 r - a scroll of amnesia {unknown}
Potions
 e - a potion of brilliance {unknown}
 i - 2 potions of curing {unknown}
 k - 2 potions of mutation {unknown}
 n - 2 potions of flight {unknown}
 o - a potion of lignification {unknown}
 p - a potion of haste {unknown}
 q - a potion of might {unknown}


   Skills:
 - Level 2.4 Fighting
 + Level 6.0 Crossbows
 - Level 2.1 Dodging
 - Level 0.7 Stealth


You had 2 spell levels left.
You didn't know any spells.
Your spell library contained the following spells:

 Spells                   Type           Power      Damage    Failure   Level
 Corpse Rot               Necr/Air       N/A        N/A       63%         2
 Agony                    Necr           0%         N/A       100%        5
 Death's Door             Necr           0%         N/A       100%        9


Dungeon Overview and Level Annotations

Branches:
Dungeon (3/15)

Altars:
Elyvilon


Innate Abilities, Weirdness & Mutations

You have a pair of horns on your head.
You reflexively headbutt those who attack you in melee.


Message History

The sky beast flickers out of sight!
Deactivating autopickup; reactivate with Ctrl-A.
No target in view!
Fire: 18 bolts
Press: ? - help, Q - select action, (/) - cycle Shift-Dir - straight line You shoot a bolt.
Fire: 17 bolts
Press: ? - help, Q - select action, (/) - cycle Shift-Dir - straight line You shoot a bolt.
You see here a +0 club.
A sky beast appears from thin air!
Reactivating autopickup.
Fire: 16 bolts
Press: ? - help, Q - select action, (/) - cycle Shift-Dir - straight line, f - sky beast
Aim: a sky beast (lightly wounded, 56% to hit)
You shoot a bolt. The bolt closely misses the sky beast.
You shoot a bolt. The bolt barely misses the sky beast.
The sky beast hits you. The sky beast shocks you.
You shoot a bolt. The bolt barely misses the sky beast.
The sky beast hits you. The sky beast shocks you.
You are too injured to fight recklessly!
Fire: 13 bolts
Press: ? - help, Q - select action, (/) - cycle Shift-Dir - straight line, f/p - sky beast
Aim: a sky beast (lightly wounded, 56% to hit)
You shoot a bolt. The bolt barely misses the sky beast.
The sky beast hits you.
* * * LOW HITPOINT WARNING * * *
The sky beast shocks you.
* * * LOW HITPOINT WARNING * * *
Fire: 12 bolts
Press: ? - help, Q - select action, (/) - cycle Shift-Dir - straight line, f/p - sky beast
Aim: a sky beast (lightly wounded, 56% to hit)
You shoot a bolt.
The bolt hits the sky beast but does no damage.
The sky beast is lightly wounded.
The sky beast hits you but does no damage.
The sky beast hits you.
* * * LOW HITPOINT WARNING * * *
The sky beast shocks you.
You die...

#...≈≈≈≈≈#######.
#...≈≈≈≈≈≈≈≈≈# ##
#...≈≈≈≈≈≈≈≈≈≈ #
#....≈≈≈≈≈≈≈≈# #
#......≈≈≈≈≈## ##
#.....(≈########. #
######.#..##.....
#..##### #.##..######
#....@#####.###...##
#####.Y..##.##.....##
####(##.#.[.....#
#.)..........
####......... ####
##.......### ...
........... . #.#
##........#
..###.#######
#..........


You could see a sky beast.

Vanquished Creatures
  A worm (D:2)
  4 dart slugs
  An orc (D:3)
  5 endoplasms
  A giant cockroach (D:1)
  4 goblins
  4 hobgoblins
  2 jackals
  2 quokkas (D:1)
  2 ball pythons (D:1)
  3 bats
  2 frilled lizards
  6 kobolds
37 creatures vanquished.

Notes
Turn   | Place    | Note
-------+----------+-------------------------------------------
     0 | D:1      | siradein the Minotaur Hunter began the quest for the Orb.
     0 | D:1      | Reached XP level 1. HP: 18/18 MP: 0/0
   258 | D:1      | Reached XP level 2. HP: 20/25 MP: 1/1
   323 | D:1      | Got the Volume of Stolen Souls
   337 | D:1      | Reached skill level 5 in Crossbows
  1031 | D:1      | Reached XP level 3. HP: 30/30 MP: 2/2
  1586 | D:2      | Found a white marble altar of Elyvilon.
  1883 | D:3      | Noticed a sky beast
  2216 | D:3      | Reached skill level 6 in Crossbows
  2254 | D:3      | Slain by a sky beast

Illustrated notes

Levels and vault maps discovered:
D:1:      wander_arrival_peaceful_grave, layout_basic
D:2:      layout_rooms, basic_altar, lemuel_flame_loot_1
D:3:      layout_rooms, serial_rivers, chequers_serial_rivers_micro_a,
          chequers_serial_rivers_large_a, chequers_serial_rivers_room_b,
          chequers_serial_rivers_small_a, chequers_serial_rivers_micro_d

Skill      XL: |  1  2  3 |
---------------+----------+-----
Crossbows      | 5 6 |  6.0
Fighting       | |  2.4
Dodging        | |  2.1
Stealth        | |  0.7

Action                   || total
-------------------------++-------
Melee: Short sword       ||   116
       Headbutt          ||    15
 Fire: Hand crossbow     ||     9
Armor: Leather armour    ||    33
Dodge: Dodged            ||    53

Table legend: (Time is in decaauts)
 A = Elapsed time spent in this place.
 B = Non-inter-level travel time spent in this place.
 C = Inter-level travel time spent in this place.
 D = Time resting spent in this place.
 E = Time spent auto-exploring this place.
 F = Levels seen in this place.
 G = Mean time per level.
                   A        B        C        D        E       F      G
               +--------+--------+--------+--------+--------+-----+--------+
         Total |   2270 |   2220 |     50 |    184 |   1678 |   3 |  756.7 |
       Dungeon |   2270 |   2220 |     50 |    184 |   1678 |   3 |  756.7 |
               +--------+--------+--------+--------+--------+-----+--------+

Top non-repeatable levels by time:
     D:1: 1280 daAuts
     D:2: 679 daAuts
     D:3: 310 daAuts
